 Dungeon Crawl Stone Soup version 0.24.0-13-gcf9b319 (webtiles) character file.

Game seed: 8178835374481752390, levelgen mode: deterministic

25596 Bronimir the Quickloader (level 12, -8/133 HPs)
             Began as a Demonspawn Gladiator on Apr 2, 2020.
             Was an Elder of Nemelex Xobeh.
             Killed by a card of wild magic (17 damage)
             ... on level 5 of the Lair of Beasts.
             The game lasted 00:45:12 (17137 turns).

Bronimir the Quickloader (Demonspawn Gladiator)    Turns: 17137, Time: 00:45:14

Health: -8/133     AC: 26    Str: 23    XL:     12   Next: 90%
Magic:  0/19       EV:  2    Int: 11    God:    Nemelex Xobeh [****..]
Gold:   804        SH:  0    Dex: 15    Spells: 8/20 levels left

rFire    . . .     SeeInvis .   a - +1 quarterstaff (protect)
rCold    . . .     Gourm    .   (shield currently unavailable)
rNeg     + + +     Faith    .   (armour currently unavailable)
rPois    +         Spirit   +   (helmet unavailable)
rElec    .         Reflect  .   (cloak currently unavailable)
rCorr    .         Harm     .   (gloves currently unavailable)
MR       .....     NoTele   +   (boots currently unavailable)
Stlth    +++++.....             J - amulet of regeneration (curse)
HPRegen  0.72/turn              i - ring of stealth
MPRegen  0.16/turn              d - ring of stealth

@: mighty, tree-form, very slightly contaminated, studying 2 skills
A: nightstalker 1, magic shield
a: Draw Escape, Draw Destruction, Draw Summoning, Triple Draw, Deal Four,
Renounce Religion


You were on level 5 of the Lair of Beasts.
You worshipped Nemelex Xobeh.
Nemelex Xobeh was greatly pleased with you.
You were hungry.
You were a tree.
You visited 3 branches of the dungeon, and saw 17 of its levels.

You collected 804 gold pieces.

Inventory:

Hand Weapons
 a - a +1 quarterstaff of protection (weapon)
 b - a +2 triple crossbow of freezing
 s - the +12 rapier of Eternal War {pierce, -Tele rPois SInv}
   (You found it on level 2 of the Lair of Beasts)

   It inflicts extra damage upon your enemies.
   It protects you from poison.
   It lets you see invisible.
   It prevents most forms of teleportation.
 H - a +0 shortbow
 L - a cursed -2 war axe
 N - a +4 scimitar of flaming
 X - the +5 fustibalus of Bodily Harmony {velocity, +Blink rF+ Dex+4 SInv}
   (You found it on level 8 of the Dungeon)

   Any stone fired from it inflicts extra damage.
   It affects your dexterity (+4).
   It protects you from fire.
   It lets you see invisible.
   It lets you blink.
 Z - a +0 lajatang
Missiles
 l - 69 bolts
 n - 122 sling bullets
 o - 59 poisoned darts (quivered)
 u - 217 arrows
Armour
 c - a scarf of cloud immunity (melded)
 w - a +6 scale mail (melded)
 z - a +0 large shield
 U - a +2 pair of boots (melded)
Magical Staves
 M - an uncursed staff of death
 O - an uncursed staff of power
Jewellery
 d - a ring of stealth (right branch)
 i - a ring of stealth (left branch)
 q - a cursed -3 ring of evasion {unknown}
 t - an uncursed amulet of harm
 A - an uncursed ring of flight
 I - an uncursed amulet of faith
 J - a cursed amulet of regeneration (around neck)
Wands
 D - a wand of enslavement (13)
 G - a wand of digging (1)
 P - a wand of flame (20)
 Q - a wand of paralysis (10)
 R - a wand of iceblast (3)
Scrolls
 e - 2 scrolls of holy word {unknown}
 h - 2 scrolls of identify
 j - a scroll of teleportation
 E - a scroll of remove curse
Potions
 m - 2 potions of might
 r - a potion of invisibility
 x - a potion of flight
 B - a potion of magic
 F - a potion of haste
Books
 y - a manual of Slings
 K - a manual of Throwing
Miscellaneous
 g - a lightning rod (4/4)
 k - a fan of gales
Comestibles
 f - 29 rations


   Skills:
 * Level 6.9 Fighting
 * Level 6.9 Staves
 - Level 3.3(3.6) Slings
 + Level 10.3 Crossbows
 - Level 2.0(3.0) Throwing
 * Level 7.7 Armour
 * Level 5.8 Dodging
 + Level 1.8 Stealth
 + Level 4.3 Shields
 * Level 4.9 Spellcasting
 * Level 6.0 Necromancy
 * Level 3.1 Earth Magic
 + Level 7.8 Invocations
 + Level 2.7 Evocations


You had 8 spell levels left.
You knew the following spells:

 Your Spells              Type           Power        Failure   Level  Hunger
a - Passwall              Tmut/Erth      #.......     17%         2    ##.....
b - Vampiric Draining     Necr           ###.......   5%          3    ###....
c - Regeneration          Chrm/Necr      #.........   19%         3    ###....
d - Animate Dead          Necr           N/A          19%         4    ####...

Your spell library contained the following spells:

 Spells                   Type           Power        Failure   Level  Hunger
 Animate Skeleton         Necr           N/A          1%          1    None
 Pain                     Necr           ###.         1%          1    None
 Sandblast                Erth           #.....       6%          1    None
 Summon Small Mammal      Summ           #...         22%         1    None
 Call Imp                 Summ           #.......     32%         2    ##.....
 Stone Arrow              Conj/Erth      #.....       34%         3    ###....
 Call Canine Familiar     Summ           #.......     54%         3    ###....
 Recall                   Summ/Tloc      N/A          54%         3    ###....
 Summon Guardian Golem    Hex/Summ       #.......     54%         3    ###....
 Borgnjor's Vile Clutch   Necr/Erth      ##........   67%         5    ######.
 Petrify                  Tmut/Erth      #.......     75%         4    ####...
 Lee's Rapid Deconstruct  Erth           #.........   86%         5    ######.
 Summon Ice Beast         Ice/Summ       #.......     91%         4    ####...
 Summon Lightning Spire   Summ/Air       #.......     91%         4    ####...
 Death Channel            Necr           ###.......   96%         6    #######
 Simulacrum               Ice/Necr       #.........   100%        6    #######
 Haunt                    Necr/Summ      #.........   100%        7    #######
 Borgnjor's Revivificati  Necr           ###.......   100%        8    #######
 Death's Door             Chrm/Necr      #.........   100%        8    #######
 Infestation              Necr           ###.......   100%        8    #######
 Necromutation            Tmut/Necr      #.........   100%        8    #######


Dungeon Overview and Level Annotations

Branches:
Dungeon (11/15)            Temple (1/1) D:5            Lair (5/6) D:9
  Swamp (0/4) Lair:4       Spider (0/4) Lair:3          Orc (0/2) D:9
  Slime: Lair:5-6

Altars:
Ashenzari
Cheibriados
Dithmenos
Elyvilon
Fedhas
Gozag
Hepliaklqana
Kikubaaqudgha
Makhleb
Nemelex Xobeh
Okawaru
Qazlal
Ru
Sif Muna
Trog
Uskayaw
Vehumet
Wu Jian
Xom
Yredelemnul
Zin
The Shining One
Lugonu

Shops:
D:5 }

Annotations:
Lair:2 exclusion: oklob plant
Lair:4 1 transporter


Innate Abilities, Weirdness & Mutations

((You have a pair of large horns on your head.))
((You are mostly covered in iridescent scales. (AC +4)))
You are slightly more attuned to the shadows.
When hurt, damage is shared between your health and your magic reserves.


Message History

You have drawn Pain.
Press: ? - help, Shift-Dir - straight line, f - yak
Aim: a yak (moderately wounded)
The yak convulses!
You draw a card...
You have drawn Vitriol.
You radiate a wave of entropy!
The acid corrodes the yak!
Press: ? - help, Shift-Dir - straight line, f/p - yak
Aim: a yak (heavily wounded, covered in acid)
The bolt of acid hits the yak!!
The yak is splashed with acid!
You kill the yak!
The yak gores you but does no damage.
You draw a card...
You have drawn Wild Magic.
There is a sudden and violent explosion of flames!
The fireball engulfs the yak!
The yak is heavily wounded.
The fireball engulfs the water moccasin!!!
You kill the water moccasin!
The fireball engulfs you!!
You die...
Your body disappears without a glow.

### #.# ####.## ##.###.##
#.(.....## #####
#####....≈..≈#########.#.#
P###.Y.#........≈..##.##..#..
.........((.♣................
.........(.Y†................
.............................
.......#..#.....#......##.P..
.).##.#.#.##.....#.#######...
.#. #.#.#..#....P... ..... .
.. . ............ ...... ..
...... ......


You could see a yak.

Vanquished Creatures
  Harold (D:9)
  6 hydras
  A two-headed ogre (D:8)
  Erica (D:9)
  A fire crab (Lair:3)
  A wolf spider (Lair:3)
  An elephant (Lair:4)
  A black mamba (Lair:3)
  6 spiny frogs
  3 komodo dragons
  2 rime drakes
  3 trolls
  A hornet (D:11)
  2 bog bodies (Lair:4)
  4 hippogriffs
  10 blink frogs
  A redback (Lair:4)
  A spriggan (D:7)
  20 yaks
  2 wyverns (Lair:4)
  A golden eye (D:9)
  A hungry ghost (D:9)
  6 water moccasins
  8 porcupines
  4 orc warriors (D:9)
  A necrophage (D:9)
  A phantom (D:5)
  2 wolves (D:9)
  8 ogres
  5 centaurs
  4 crocodiles
  4 big kobolds
  13 bullfrogs
  2 scorpions
  7 wights
  14 killer bees
  6 howler monkeys
  4 electric eels
  3 crimson imps
  A bullfrog zombie (D:5)
  2 jellies
  A centaur zombie (D:11)
  A gnoll shaman (D:10)
  2 orc priests
  2 centaur skeletons
  6 hounds
  7 orc wizards
  A bullfrog skeleton (D:5)
  2 iguanas
  Terence (D:2)
  5 worker ants
  A killer bee zombie (D:8)
  2 hound zombies (D:8)
  11 gnolls
  11 adders
  3 shadow imps
  An ooze (D:2)
  2 adder skeletons
  An adder zombie (D:9)
  A worm (D:2)
  4 dart slugs
  7 leopard geckos
  37 orcs
  7 bats
  4 giant cockroaches
  14 goblins
  11 hobgoblins
  9 jackals
  25 kobolds
  3 quokkas
  A ball python (D:1)
  6 frilled lizards
  A jackal skeleton (D:4)
  2 leopard gecko skeletons
  A leopard gecko zombie (D:5)
  A quokka skeleton (D:4)
  8 rats
  A spectral orc (D:4)
368 creatures vanquished.

Vanquished Creatures (collateral kills)
  A blink frog (Lair:1)
  2 tarantellas (Lair:4)
  A basilisk (Lair:1)
  3 wolves (Lair:1)
  A hound (D:9)
  A leopard gecko (D:9)
9 creatures vanquished.

Vanquished Creatures (others)
  5 fungi
  2 plants (Lair:4)
7 creatures vanquished.

Grand Total: 384 creatures vanquished

Notes
Turn   | Place    | Note
-------+----------+-------------------------------------------
     0 | D:1      | Bronimir the Demonspawn Gladiator began the quest for the
                  | Orb.
     0 | D:1      | Reached XP level 1. HP: 16/16 MP: 1/1
   229 | D:1      | Gained mutation: You are partially covered in iridescent
                  | scales. (AC +2) [demonic ancestry]
   229 | D:1      | Reached XP level 2. HP: 22/22 MP: 2/2
   563 | D:1      | Reached XP level 3. HP: 16/27 MP: 3/3
  1215 | D:2      | Gained mutation: You have a pair of small horns on your
                  | head. [demonic ancestry]
  1215 | D:2      | Reached XP level 4. HP: 31/33 MP: 4/4
  1231 | D:2      | Reached skill level 1 in Armour
  1572 | D:2      | Noticed an ogre
  1960 | D:2      | Killed an ogre
  1960 | D:2      | Gained mutation: You are slightly more attuned to the
                  | shadows. [demonic ancestry]
  1960 | D:2      | Reached XP level 5. HP: 21/39 MP: 5/5
  2152 | D:2      | Noticed Terence
  2158 | D:2      | Killed Terence
  2847 | D:3      | Reached XP level 6. HP: 45/46 MP: 6/6
  2853 | D:3      | Found an ancient bone altar of Kikubaaqudgha.
  2873 | D:3      | Found a hazy altar of Hepliaklqana.
  2908 | D:3      | You fall into a shaft and drop 3 floors!
  2953 | D:6      | Found a shadowy altar of Dithmenos.
  3082 | D:6      | Reached skill level 1 in Crossbows
  3572 | D:6      | Reached skill level 5 in Staves
  3572 | D:6      | Reached skill level 2 in Crossbows
  3576 | D:6      | Found a sparkling altar of Nemelex Xobeh.
  3905 | D:5      | Entered Level 5 of the Dungeon
  3913 | D:5      | Gained mutation: When hurt, damage is shared between your
                  | health and your magic reserves. [demonic ancestry]
  3913 | D:5      | Reached XP level 7. HP: 47/52 MP: 7/7
  4081 | D:5      | Found a staircase to the Ecumenical Temple.
  4112 | Temple   | Entered the Ecumenical Temple
  4208 | D:6      | Became a worshipper of Nemelex Xobeh the Trickster
  4784 | D:3      | Reached skill level 3 in Crossbows
  4864 | D:3      | Reached skill level 1 in Invocations
  5173 | D:3      | Gained mutation: You are mostly covered in iridescent
                  | scales. (AC +4) [demonic ancestry]
  5173 | D:3      | Reached XP level 8. HP: 30/58 MP: 4/9
  5176 | D:3      | Reached skill level 4 in Crossbows
  5758 | D:4      | Received a gift from Nemelex Xobeh
  5871 | D:4      | Found a basalt altar of Yredelemnul.
  6228 | D:5      | Reached * piety under Nemelex Xobeh
  6311 | D:5      | Reached skill level 5 in Crossbows
  6452 | D:5      | Found Xoomauts's Gadget Shoppe.
  6479 | D:5      | Found an iron altar of Okawaru.
  6623 | D:5      | Found a shimmering altar of Xom.
  6623 | D:5      | Found a hide-covered altar of Uskayaw.
  6628 | D:5      | Found an ornate altar of the Wu Jian Council.
  6629 | D:5      | Found a blossoming altar of Fedhas.
  6630 | D:5      | Found a glowing silver altar of Zin.
  6630 | D:5      | Found a stormy altar of Qazlal.
  6631 | D:5      | Found a burning altar of Makhleb.
  6847 | D:7      | Found an opulent altar of Gozag.
  6851 | D:7      | Learned a level 2 spell: Passwall
  6855 | D:7      | Learned a level 3 spell: Vampiric Draining
  6876 | D:7      | Noticed a hippogriff
  6886 | D:7      | Killed a hippogriff
  6945 | D:7      | Gained mutation: You have a pair of horns on your head.
                  | [demonic ancestry]
  6945 | D:7      | Reached XP level 9. HP: 35/66 MP: 9/11
  7153 | D:7      | Reached skill level 1 in Earth Magic
  7158 | D:7      | Reached skill level 6 in Crossbows
  7161 | D:7      | Reached skill level 1 in Spellcasting
  7294 | D:7      | Reached skill level 1 in Necromancy
  7687 | D:8      | Noticed a two-headed ogre
  7709 | D:8      | Killed a two-headed ogre
  7709 | D:8      | Reached skill level 7 in Crossbows
  8020 | D:8      | Reached XP level 10. HP: 71/73 MP: 13/13
  8160 | D:8      | Got a scorched fustibalus
  8161 | D:8      | Identified the +5 fustibalus of Bodily Harmony {velocity,
                  | +Blink rF+ Dex+4 SInv} (You found it on level 8 of the
                  | Dungeon)
  8187 | D:8      | Received a gift from Nemelex Xobeh
  8197 | D:8      | Reached skill level 5 in Fighting
  8347 | D:9      | Found a glowing golden altar of the Shining One.
  8398 | D:9      | Reached skill level 5 in Dodging
  8435 | D:9      | Reached skill level 1 in Stealth
  8459 | D:9      | Reached ** piety under Nemelex Xobeh
  8462 | D:9      | Noticed Erolcha
  8473 | D:9      | Noticed Erolcha
  8473 | D:9      | Erolcha changed into Erolcha the golden eye
  8475 | D:9      | Killed Erolcha the golden eye
  8475 | D:9      | Reached skill level 1 in Slings
  9116 | D:9      | Found a bloodstained altar of Trog.
  9116 | D:9      | Found a shadowy altar of Dithmenos.
  9180 | D:9      | Reached skill level 5 in Invocations
  9183 | D:9      | Noticed Harold
  9238 | D:9      | Killed Harold
  9641 | D:9      | Noticed Erica
 10088 | D:9      | Found a staircase to the Lair.
 10139 | D:9      | Found a staircase to the Orcish Mines.
 10156 | D:9      | Reached skill level 1 in Evocations
 10166 | D:9      | Reached skill level 1 in Shields
 10258 | D:9      | Killed Erica
 10573 | D:10     | Entered Level 10 of the Dungeon
 10573 | D:10     | Received a gift from Nemelex Xobeh
 10915 | D:10     | Found a snail-covered altar of Cheibriados.
 10927 | D:10     | Received a gift from Nemelex Xobeh
 10950 | D:10     | Reached skill level 5 in Armour
 10983 | D:10     | Gained mutation: You have a pair of large horns on your
                  | head. [demonic ancestry]
 10983 | D:10     | Reached XP level 11. HP: 11/80 MP: 2/15
 10993 | D:10     | HP: 4/80 [poisoned by a killer bee]
 10999 | D:10     | HP: 3/80 [poisoned by a killer bee]
 11007 | D:10     | HP: 3/80 [poisoned by a killer bee]
 11015 | D:10     | HP: 2/80 [poisoned by a killer bee]
 11805 | D:10     | Reached *** piety under Nemelex Xobeh
 11865 | D:10     | Identified 4 scrolls of acquirement
 12564 | Lair:1   | Entered Level 1 of the Lair of Beasts
 12873 | Lair:1   | Learned a level 3 spell: Regeneration
 12878 | Lair:1   | Learned a level 4 spell: Animate Dead
 12937 | Lair:1   | Noticed a six-headed hydra
 12939 | Lair:1   | Killed a six-headed hydra
 12939 | Lair:1   | Reached skill level 8 in Crossbows
 13391 | Lair:1   | Noticed a six-headed hydra
 13561 | Lair:1   | Killed a one-headed hydra
 14128 | Lair:2   | Noticed an oklob plant
 14387 | Lair:2   | Reached skill level 9 in Crossbows
 14414 | Lair:2   | Got an ebony rapier
 14680 | Lair:2   | Reached XP level 12. HP: 88/88 MP: 18/18
 14807 | Lair:3   | Reached skill level 5 in Necromancy
 14909 | Lair:3   | Found a hole to the Spider Nest.
 15244 | Lair:3   | Received a gift from Nemelex Xobeh
 15269 | Lair:3   | Noticed an eight-headed hydra
 15273 | Lair:3   | Killed an eight-headed hydra
 15445 | Lair:3   | Identified the +12 rapier of Eternal War {pierce, -Tele
                  | rPois SInv} (You found it on level 2 of the Lair of Beasts)
 15929 | Lair:4   | Noticed a four-headed hydra
 15931 | Lair:4   | Killed a four-headed hydra
 15958 | Lair:4   | Received a gift from Nemelex Xobeh
 16089 | Lair:4   | Found a staircase to the Swamp.
 16149 | Lair:4   | Found a transporter.
 16176 | Lair:4   | Found a transporter.
 16365 | Lair:4   | Noticed a six-headed hydra
 16371 | Lair:4   | Killed a six-headed hydra
 16395 | Lair:4   | Noticed a seven-headed hydra
 16400 | Lair:4   | Killed a seven-headed hydra
 16400 | Lair:4   | Reached skill level 10 in Crossbows
 17065 | Lair:5   | Reached **** piety under Nemelex Xobeh
 17065 | Lair:5   | Received a gift from Nemelex Xobeh
 17137 | Lair:5   | Killed by a card of wild magic

Levels and vault maps discovered:
D:1:      tarquinn_simple_flora_water_b, layout_loops_ring,
          minmay_misc_feat_square, corexii_leaking_fountain,
          chequers_serial_rivers_micro_a, minmay_hexomino_c4
D:2:      layout_basic, minmay_divided_ellipse, uniq_terence
D:3:      cheibrodos_thug_alley, layout_basic, overflow_temple_1_default,
          nicolae_overflow_crystal_walls
D:4:      layout_loops_ring, yredelemnul_forgotten_temple_becter
D:5:      layout_basic, minitemple, lemuel_coloured_pillars_altar,
          minmay_temple_entry_mist, first_ration, serial_shops,
          nicolae_shop_waterfront
D:6:      layout_basic, nemelex_xobeh_ov_fountains_minmay, basic_altar,
          st_stairs_9
D:7:      layout_loops_ring, nicolae_gozag_cash_rules_everything_around_me,
          the_bakery
D:8:      layout_rooms
D:9:      layout_roguey [special_room_orc], lemuel_crystal_altar,
          chequers_temple_overflow_statue_of_worship, erik_lair_island,
          orc_0_dummy, uniq_harold, uniq_erica, uniq_erolcha
D:10:     layout_stronghold, basic_altar, serial_glass, glass_columns_a,
          glass_columns_a, glass_columns_c, glass_columns_a, glass_columns_a,
          glass_columns_b, glass_columns_a, glass_columns_a, glass_columns_a,
          glass_columns_a
D:11:     layout_layer_cave, portal_ice_cave_entry_pillars_1, dk_noncrumbling_3,
          minmay_hollow_rounded_squares
Temple:   corrupted_temple
Lair:1:   layout_roguey, grunt_forest_stairs_basic
Lair:2:   layout_loops_ring, minmay_lair_oklob_chamber
Lair:3:   layout_chaotic_city, spider_nest_entry_rubble, lemuel_fruit_tree,
          infiniplex_staircase_pool
Lair:4:   gammafunk_cloud_chamber, layout_cave_pods, skrybe_swamp_entry_bodies,
          infiniplex_staircase_pool_2
Lair:5:   layout_long_grid, slime_altar_1, chequers_serial_rivers_micro_c

Skill      XL: |  1  2  3  4  5  6  7  8  9 10 11 12 |
---------------+-------------------------------------+-----
Throwing       | 2 |  2.0
Staves         | 3 4 5 6 |  6.9
Dodging        | 3 4 5 |  5.8
Armour         | 1 2 3 4 5 6 7 |  7.7
Crossbows      | 2 3 5 7 9 10 | 10.3
Fighting       | 3 4 5 6 |  6.9
Invocations    | 1 2 4 5 7 |  7.8
Earth Magic    | 2 3 |  3.1
Spellcasting   | 2 3 4 |  4.9
Necromancy     | 2 3 4 6 |  6.0
Stealth        | 1 |  1.8
Slings         | 3 |  3.3
Evocations     | 1 2 |  2.7
Shields        | 1 3 4 |  4.3

Action                   |  1- 3 |  4- 6 |  7- 9 | 10-12 || total
-------------------------+-------+-------+-------+-------++-------
Melee: Quarterstaff      |   101 |    35 |     3 |   205 ||   344
       Headbutt          |       |     8 |       |    38 ||    46
       Scimitar          |       |       |       |     6 ||     6
       Dire flail        |       |       |       |     1 ||     1
 Fire: Hand crossbow     |       |    67 |   432 |     6 ||   505
       Fustibalus        |       |       |       |   192 ||   192
       Triple crossbow   |       |       |       |   275 ||   275
Throw: Dart              |     5 |       |       |       ||     5
 Cast: Vampiric Draining |       |       |       |     1 ||     1
 Abil: Draw Destruction  |       |       |       |    21 ||    21
       Draw Summoning    |       |       |       |     7 ||     7
       Evoke Blink       |       |       |       |     2 ||     2
       Draw Escape       |       |       |       |     2 ||     2
Evoke: Wand              |       |       |       |     2 ||     2
  Use: Scroll            |     3 |       |    15 |    17 ||    35
       Potion            |       |       |       |    14 ||    14
 Stab: Sleeping          |       |       |       |     1 ||     1
  Eat: Chunk             |     1 |     7 |    14 |    22 ||    44
       Ration            |       |       |       |     3 ||     3
Armor: Ring mail         |    45 |    30 |       |       ||    75
       Scale mail        |       |    25 |   148 |   503 ||   676
       Skin              |       |       |       |    31 ||    31
Dodge: Dodged            |    79 |    72 |   162 |   572 ||   885
